 Dungeon Crawl Stone Soup version 0.28-a0-32-g8dfe7f97f6 (webtiles) character file.

Game seed: 2439055734199973952

105 Sin92 the Skirmisher (level 4, -3/33 (35) HPs)
             Began as a Demonspawn Fighter on July 27, 2021.
             Slain by a gnoll sergeant (8 damage)
             ... on level 4 of the Dungeon.
             The game lasted 00:02:02 (2695 turns).

Sin92 the Skirmisher (Demonspawn Fighter)           Turns: 2695, Time: 00:02:02

HP:   -3/33 (35)    AC:  7    Str: 18    XL:     4   Next: 53%
MP:   4/4           EV:  7    Int:  9    God:
Gold: 90            SH:  9    Dex: 12    Spells: 3/3 levels left

rFire   . . .      SeeInvis .   a - +0 war axe
rCold   . . .      Faith    .   c - +0 kite shield
rNeg    . . .      Spirit   .   b - +0 scale mail
rPois   .          Reflect  .   (no helmet)
rElec   .          Harm     .   (no cloak)
rCorr   .          Rampage  .   k - +0 pair of gloves
Will    +....                   (no boots)
Stlth   ..........              (no amulet)
HPRegen 0.11/turn               l - ring of willpower
MPRegen 0.09/turn               (no ring)

@: mighty, drained
A: hooves 1
a: no special abilities


You were on level 4 of the Dungeon.
You visited 1 branch of the dungeon, and saw 4 of its levels.

You collected 90 gold pieces.

Inventory:

Hand Weapons
 a - a +0 war axe (weapon)
Armour
 b - a +0 scale mail (worn)
 c - a +0 kite shield (worn)
 k - a +0 pair of gloves (worn)
Jewellery
 l - a ring of willpower (left hand)
Wands
 o - a wand of digging (5)
Scrolls
 f - 4 scrolls of teleportation
 j - a scroll of identify
 p - a scroll of enchant weapon {unknown}
Potions
 d - a potion of might
 e - a potion of curing
 g - a potion of flight {unknown}
 h - a potion of attraction {unknown}
 i - a potion of haste {unknown}
 m - a potion of mutation {unknown}
 n - a potion of heal wounds {unknown}


   Skills:
 + Level 3.4 Fighting
 * Level 2.9 Axes
 + Level 3.1 Armour
 + Level 1.2 Dodging
 + Level 3.1 Shields


You had 3 spell levels left.
You didn't know any spells.
Your spell library contained the following spells:

 Spells                   Type           Power      Damage    Failure   Level
 Foxfire                  Conj/Fire      0%         2x1d4     99%         1
 Conjure Flame            Conj/Fire      0%         6-21      100%        3
 Inner Flame              Hex/Fire       0%         N/A       100%        3


Dungeon Overview and Level Annotations

Branches:
Dungeon (4/15)
 Temple: D:4-7

Altars:


Innate Abilities, Weirdness & Mutations

You have large cloven feet.


Message History

The gnoll shouts! x2; You hear a shout! x3
A gnoll comes into view.
It is wielding a +0 spear. 2 gnolls and a gnoll sergeant come into view.
The gnoll shouts! x2
Found a ring mail.
Unknown command.
There are monsters nearby!
You barely miss the gnoll. Your kick misses the gnoll.
The gnoll hits you but does no damage. You block the gnoll's attack.
The gnoll sergeant hits you from afar with a +0 spear.
A goblin comes into view. It is wielding a +0 dagger.
The gnoll hits you with a +0 halberd!
Unknown command.
There are monsters nearby!
The goblin shouts!
You hit the gnoll. You kick the gnoll.
The gnoll is moderately wounded.
You slash the gnoll! The gnoll hits you but does no damage.
You block the gnoll sergeant's attack. The gnoll hits you with a +0 whip.
You block the gnoll's attack.
The gnoll hits you from afar with a +0 spear.
The gnoll sergeant closely misses you. The gnoll barely misses you.
You are too injured to fight recklessly!
The gnoll hits you but does no damage.
You feel very mighty all of a sudden.
You barely miss the gnoll. Your kick misses the gnoll.
You block the gnoll's attack.
The gnoll hits you from afar with a +0 halberd.
The gnoll hits you but does no damage.
You feel drained.
You slash the gnoll!
The gnoll is heavily wounded.
The gnoll barely misses you. You block the gnoll sergeant's attack.
The gnoll hits you with a +1 flail of draining.
You feel drained.
You slash the gnoll!
You kill the gnoll!
The gnoll sergeant hits you from afar with a +0 spear!
* * * LOW HITPOINT WARNING * * *
The gnoll sergeant hits you from afar with a +0 spear!
You die...

#. ########.# ..
#........#
#.##........#
###...........#.
........g.......
.......gg##.#
.......#g##.#
.....gg#)##.#
......g#@##.# .#
.......#.##.# #.#
.......#.##.#######.#
...g...#.............
....[######.#######.#
#(# #.#
.######)#######.####
............)......#
.#######....###.##.#


You could see a gnoll sergeant and 3 gnolls.

Vanquished Creatures
  Ijyb (D:3)
  2 gnolls
  2 adders
  2 dart slugs
  An orc (D:3)
  4 ball pythons
  7 endoplasms
  3 giant cockroaches
  2 goblins
  4 hobgoblins
  6 kobolds
  2 quokkas (D:3)
  6 bats
  4 rats
46 creatures vanquished.

Notes
Turn   | Place    | Note
-------+----------+-------------------------------------------
     0 | D:1      | Sin92 the Demonspawn Fighter began the quest for the Orb.
     0 | D:1      | Reached XP level 1. HP: 18/18 MP: 1/1
   244 | D:1      | Gained mutation: You have large cloven feet. [demonic
                  | ancestry]
   244 | D:1      | Reached XP level 2. HP: 23/24 MP: 2/2
   615 | D:1      | Reached XP level 3. HP: 22/29 MP: 3/3
  1165 | D:2      | Found a faded altar of an unknown god.
  1596 | D:3      | Reached skill level 1 in Dodging
  1881 | D:3      | Reached XP level 4. HP: 35/35 MP: 4/4
  1950 | D:3      | Noticed Ijyb
  1972 | D:3      | Killed Ijyb
  2686 | D:4      | Noticed a gnoll sergeant
  2695 | D:4      | Slain by a gnoll sergeant

Illustrated notes

Levels and vault maps discovered:
D:1:      lightli_molten_gateway, layout_rooms
D:2:      layout_rooms, ebering_ecumenical_altar_mist
D:3:      layout_loops_corners, uniq_ijyb
D:4:      layout_basic, uniq_duvessa

Skill      XL: |  1  2  3 |
---------------+----------+-----
Axes           | 2 |  2.9
Armour         | 3 |  3.1
Shields        | 3 |  3.1
Dodging        | 1 |  1.2
Fighting       | |  3.4

Action                   |  1- 3 |  4- 6 || total
-------------------------+-------+-------++-------
Melee: War axe           |    91 |    48 ||   139
       Kick              |    16 |    11 ||    27
  Use: Scroll            |     2 |       ||     2
       Potion            |       |     1 ||     1
Armor: Scale mail        |    60 |    17 ||    77
Dodge: Dodged            |    30 |    12 ||    42
Block: Kite shield       |    63 |    26 ||    89

Table legend: (Time is in decaauts)
 A = Elapsed time spent in this place.
 B = Non-inter-level travel time spent in this place.
 C = Inter-level travel time spent in this place.
 D = Time resting spent in this place.
 E = Time spent auto-exploring this place.
 F = Levels seen in this place.
 G = Mean time per level.
                   A        B        C        D        E       F      G
               +--------+--------+--------+--------+--------+-----+--------+
         Total |   2781 |   2720 |     61 |    189 |   2144 |   4 |  695.2 |
       Dungeon |   2781 |   2720 |     61 |    189 |   2144 |   4 |  695.2 |
               +--------+--------+--------+--------+--------+-----+--------+

Top non-repeatable levels by time:
     D:1: 1193 daAuts
     D:3: 1104 daAuts
     D:2: 388 daAuts
     D:4: 94 daAuts
